 Dungeon Crawl Stone Soup version 0.31-a0-986-g5e6e4ef867 (webtiles) character file.

Game seed: 10076185812674175832

3187 IdlyInterested the Cleaver (level 9, -3/65 HPs)
             Began as a Demonspawn Gladiator on Nov 3, 2023.
             Slain by a two-headed ogre
             ... wielding a +0 giant spiked club
              (14 damage)
             ... on level 8 of the Dungeon.
             The game lasted 00:21:57 (7430 turns).

IdlyInterested the Cleaver (Demonspawn Gladiator)   Turns: 7430, Time: 00:21:58

Health: -3/65      AC:  6    Str: 18    XL:     9   Next: 64%
Magic:  0/15       EV: 19    Int: 10    God:
Gold:   368        SH:  0    Dex: 17    Spells: 16/16 levels left

rFire   + . .        x - +6 falchion "Raro" {freeze, Dex+2}
rCold   . . .        (no shield)
rNeg    . . .        D - +1 ring mail of the Evening {rPois}
rPois   +            (helmet restricted)
rElec   .            (no cloak)
rCorr   .            (no gloves)
SInv    .            (no boots)
Will    .....        (no amulet)
Stlth   ++           P - ring of protection from fire
HPRegen 0.30/turn    u - +5 ring of evasion
MPRegen 0.28/turn

%: guardian spirit
@: no status effects
A: antennae 2, repulsion field 1, magic shield, magic regeneration, demonic
magic 1, sense surroundings 1, sturdy frame 1
a: no special abilities


You were on level 8 of the Dungeon.
You visited 2 branches of the dungeon, and saw 9 of its levels.
You also visited: Ossuary.

You collected 368 gold pieces.

Inventory:

Hand Weapons
 a - a +0 war axe
 c - a +5 trident
 k - a +2 whip of electrocution
 q - a +1 mace of draining
 x - the +6 falchion "Raro" (weapon) {freeze, Dex+2}
   (You found it on level 2 of the Dungeon)

   Dex+2:     It affects your dexterity (+2).
 Q - a +1 spear of flaming
Missiles
 d - 3 throwing nets
 e - 7 javelins
 l - 65 stones
 p - 12 poisoned darts (quivered)
 z - 2 boomerangs
 O - 6 datura-tipped darts
Armour
 D - the +1 ring mail of the Evening (worn) {rPois}
   (You found it on level 3 of the Dungeon)

   rPois:     It protects you from poison
 G - a +1 robe of fire resistance
 N - +0 steam dragon scales
Magical Staves
 i - a staff of fire
Jewellery
 o - a ring of resist corrosion
 u - a +5 ring of evasion (right hand)
 A - a ring of positive energy
 P - a ring of protection from fire (left hand)
Wands
 n - a wand of flame (15)
 R - a wand of polymorph (8)
Scrolls
 b - a scroll of brand weapon
 f - a scroll of amnesia
 j - a scroll of identify
 r - 2 scrolls of revelation
 t - 4 scrolls of enchant weapon
 w - 3 scrolls of fog
 y - a scroll of noise
 B - 2 scrolls of blinking
 E - 5 scrolls of immolation
 F - 6 scrolls of teleportation
 H - a scroll of acquirement
 L - a scroll of poison
Potions
 g - 6 potions of curing
 h - a potion of magic
 m - 2 potions of mutation
 s - a potion of brilliance
 v - 4 potions of might
 C - a potion of enlightenment
 J - 3 potions of lignification


   Skills:
 - Level 4.0 Fighting
 * Level 10.3 Axes
 - Level 2.0 Throwing
 + Level 3.2 Armour
 - Level 3.0 Dodging
 - Level 3.0 Stealth
 - Level 1.0 Shields
 - Level 1.0 Unarmed Combat
 - Level 4.0 Spellcasting
 - Level 1.0 Evocations


You had 16 spell levels left.
You didn't know any spells.
Your spell library contained the following spells:

 Spells                   Type           Power      Damage    Failure   Level
 Apportation              Tloc           4%         N/A       32%         1
 Kiss of Death            Conj/Necr      8%         2d6       32%         1
 Necrotise                Necr           8%         1d4       32%         1
 Summon Small Mammal      Summ           8%         N/A       32%         1
 Jinxbite                 Hex            4%         N/A       45%         2
 Poisonous Vapours        Pois/Air       4%         N/A       45%         2
 Wereblood                Tmut           2%         N/A       45%         2
 Confusing Touch          Hex            2%         N/A       69%         3
 Frozen Ramparts          Ice            4%         1d1       69%         3
 Mephitic Cloud           Conj/Pois/Air  2%         N/A       69%         3
 Dispel Undead            Necr           2%         3d7       97%         4
 Leda's Liquefaction      Hex/Erth       1%         N/A       97%         4
 Petrify                  Tmut/Erth      2%         N/A       97%         4
 Alistair's Intoxication  Tmut/Pois      1%         N/A       100%        5
 Freezing Cloud           Conj/Ice/Air   1%         6-21      100%        5
 Irradiate                Conj/Tmut      1%         3d12      100%        5
 Lee's Rapid Deconstruct  Erth           1%         3d4*      100%        5
 Metabolic Englaciation   Hex/Ice        1%         N/A       100%        5
 Bombard                  Conj/Erth      1%         9d1       100%        6


Dungeon Overview and Level Annotations

Branches:
Dungeon (8/15)             Temple (1/1) D:7         Ossuary (visited)
   Lair: D:8-11

Altars:
Ashenzari
Dithmenos
Fedhas
Gozag
Hepliaklqana
Kikubaaqudgha
Makhleb
Nemelex Xobeh
Okawaru
Qazlal
Ru
Sif Muna
Trog
Uskayaw
Wu Jian
Xom

Annotations:
D:6 1 runed translucent door


Innate Abilities, Weirdness & Mutations

You have a pair of antennae on your head.
You are surrounded by a mild repulsion field. (EV +2)
When hurt, damage is shared between your health and your magic reserves.
You regenerate magic rapidly.
Spells you cast may paralyse adjacent enemies.
You passively map a small area around you.
Your movements are slightly less encumbered by armour. (ER -2)


Message History

You are poisoned.
You hit the orc wizard. You freeze the orc wizard.
The orc wizard is moderately wounded.
You feel sick. The orc closely misses you.
The orc wizard points at you and mumbles some strange words.
The magic dart hits you.
You feel sick.
The two-headed ogre attacks as it pursues you!
The two-headed ogre barely misses you.
The two-headed ogre hits you with a +0 giant spiked club!
You bump into the rock wall.
You feel less confused.
You feel sick.
The orc wizard hits you but does no damage.
You feel sick.
The two-headed ogre attacks as it pursues you!
The two-headed ogre completely misses you. x2
The orc attacks as it pursues you! The orc hits you but does no damage.
You slash the two-headed ogre! You freeze the two-headed ogre.
The two-headed ogre is lightly wounded.
You feel sick.
You are no longer poisoned.
The two-headed ogre hits you with a +0 giant spiked club! x2
* * * LOW HITPOINT WARNING * * *
The orc misses you.
You completely miss the two-headed ogre.
The two-headed ogre is lightly wounded.
The orc hits you but does no damage. The two-headed ogre barely misses you.
The two-headed ogre completely misses you.
You barely miss the two-headed ogre.
The two-headed ogre is lightly wounded.
The orc completely misses you.
The orc wizard casts a spell.
The orc wizard flickers and vanishes!
Deactivating autopickup; reactivate with Ctrl-A.
The orc barely misses you.
The two-headed ogre hits you with a +0 giant spiked club!
* * * LOW HITPOINT WARNING * * *
The two-headed ogre hits you with a +0 giant spiked club!
You die...

......##.# #......#
..######..# #......#
,, ### #..#*
##.....##., # ##..
##........ ..##*
##......... *
#...####.......... *
.............####. *
..##......#### ,
###### *###.@###
...... ##O## * ,
...... * #{o# ######
##o.## , * ##....####
####........####
##..#..)............ *
#................... *
*
###.####.####.........


You could see a two-headed ogre and 2 orcs.

Vanquished Creatures
  The ghost of Stellion the Destroyer, a novice DECj of Sif Muna (D:6)
  A troll (D:7)
  3 yaks (D:8)
  Menkaure (D:4)
  A steam dragon (D:7)
  An orc warrior (D:8)
  3 black bears
  An ogre (D:5)
  A phantom (D:5)
  3 bullfrogs
  An elf zombie (Ossuary)
  2 scorpions
  5 wights (D:6)
  A howler monkey (D:4)
  A centaur zombie (Ossuary)
  2 jellies (D:7)
  7 orc priests
  A gnoll bouda (D:7)
  3 hounds
  Jessica (D:2)
  2 iguanas
  3 orc wizards
  2 mummies (Ossuary)
  6 gnolls
  10 adders
  A river rat (D:6)
  2 shadow imps
  2 ufetubi (D:7)
  2 adder zombies (Ossuary)
  4 worms
  2 dart slugs
  14 orcs
  3 bats (D:1)
  7 endoplasms
  5 giant cockroaches
  5 goblins
  2 hobgoblins (D:1)
  6 jackals
  5 kobolds
  3 quokkas
  8 ball pythons
  5 frilled lizards
  4 goblin zombies
  8 hobgoblin zombies (Ossuary)
  2 jackal zombies (Ossuary)
  4 kobold zombies (Ossuary)
  14 orc zombies (Ossuary)
  6 rats
  3 rat zombies
180 creatures vanquished.

Notes
Turn   | Place    | Note
-------+----------+-------------------------------------------
     0 | D:1      | IdlyInterested the Demonspawn Gladiator began the quest for
                  | the Orb.
     0 | D:1      | Reached XP level 1. HP: 16/16 MP: 1/1
   410 | D:1      | Gained mutation: You regenerate magic rapidly. [demonic
                  | ancestry]
   410 | D:1      | Reached XP level 2. HP: 22/22 MP: 2/2
   443 | D:1      | Reached skill level 3 in Axes
   905 | D:1      | Reached skill level 1 in Spellcasting
  1001 | D:2      | Gained mutation: You are surrounded by a mild repulsion
                  | field. (EV +2) [demonic ancestry]
  1001 | D:2      | Reached XP level 3. HP: 23/27 MP: 4/4
  1051 | D:2      | Reached skill level 1 in Evocations
  1234 | D:2      | Reached skill level 1 in Stealth
  1265 | D:2      | Noticed Jessica
  1270 | D:2      | Killed Jessica
  1271 | D:2      | Reached skill level 1 in Armour
  1271 | D:2      | Reached XP level 4. HP: 33/33 MP: 5/5
  1715 | D:2      | Identified the +6 falchion "Raro" {freeze, Dex+2}
  1916 | D:3      | Gained mutation: When hurt, damage is shared between your
                  | health and your magic reserves. [demonic ancestry]
  1916 | D:3      | Reached XP level 5. HP: 38/38 MP: 6/6
  2147 | D:3      | Identified the +1 ring mail of the Evening {rPois}
  2526 | D:4      | Reached skill level 4 in Axes
  2600 | D:4      | Reached XP level 6. HP: 27/44 MP: 7/9
  2767 | D:4      | Found a stormy altar of Qazlal.
  2974 | D:4      | Noticed Menkaure
  2981 | D:4      | Killed Menkaure
  2982 | D:4      | Reached skill level 5 in Axes
  3311 | D:5      | Entered Level 5 of the Dungeon
  3366 | D:5      | Gained mutation: You have a pair of small antennae on your
                  | head. [demonic ancestry]
  3366 | D:5      | Reached XP level 7. HP: 50/52 MP: 10/10
  3526 | D:5      | Reached skill level 6 in Axes
  4243 | D:6      | Found a sand-covered staircase.
  4265 | Ossuary  | Entered an ossuary
  4405 | Ossuary  | Reached skill level 1 in Shields
  4571 | D:6      | Reached skill level 7 in Axes
  4571 | D:6      | Reached skill level 1 in Unarmed Combat
  4571 | D:6      | Gained mutation: Spells you cast may paralyse adjacent
                  | enemies. [demonic ancestry]
  4571 | D:6      | Reached XP level 8. HP: 40/58 MP: 9/12
  4589 | D:6      | Identified a scroll of acquirement
  4690 | D:6      | Found a runed translucent door.
  4691 | D:6      | Noticed Stellion's ghost (novice DECj)
  5032 | D:6      | Found a runed translucent door.
  5426 | D:6      | Reached skill level 8 in Axes
  5438 | D:6      | Killed Stellion's ghost
  5796 | D:7      | Noticed a troll
  5804 | D:7      | Killed a troll
  5805 | D:7      | Reached skill level 9 in Axes
  5805 | D:7      | Gained mutation: You have a pair of antennae on your head.
                  | [demonic ancestry]
  5805 | D:7      | Reached XP level 9. HP: 44/64 MP: 10/13
  6179 | D:7      | Gained mutation: You passively map a small area around you.
                  | [potion of mutation]
  6179 | D:7      | Gained mutation: Your movements are slightly less
                  | encumbered by armour. (ER -2) [potion of mutation]
  6593 | D:7      | Found a staircase to the Ecumenical Temple.
  6602 | Temple   | Entered the Ecumenical Temple
  6854 | D:8      | Found a blossoming altar of Fedhas.
  7037 | D:8      | Reached skill level 10 in Axes
  7401 | D:8      | Noticed a two-headed ogre
  7430 | D:8      | Slain by a two-headed ogre

Illustrated notes

Levels and vault maps discovered:
D:1:      dpeg_arrival_court, layout_loops_ring, bh_walls_and_bars
D:2:      layout_loops_ring, amethyst_killhole, uniq_jessica
D:3:      layout_basic, minmay_statues_item, kennysheep_flooded_box,
          minmay_fractal_squares_5
D:4:      layout_loops_cross, kennysheep_mini, uniq_menkaure
D:5:      layout_basic, minivault_27
D:6:      layout_loops_cross, ebering_ghost_sewer_f, enter_ossuary_4
D:7:      layout_basic, minmay_temple_entry_proselytizer
D:8:      layout_layer_cave, lemuel_tele_altar
Temple:   minmay_temple_bridge_d

Skill      XL: |  1  2  3  4  5  6  7  8  9 |
---------------+----------------------------+-----
Throwing       | 2 |  2.0
Dodging        | 3 |  3.0
Axes           | 3 4 5 7 9 10 | 10.3
Spellcasting   | 1 2 3 4 |  4.0
Evocations     | 1 |  1.0
Stealth        | 1 3 |  3.0
Armour         | 1 2 3 |  3.2
Fighting       | 3 4 |  4.0
Shields        | 1 |  1.0
Unarmed Combat | 1 |  1.0

Action                     |  1- 3 |  4- 6 |  7- 9 || total
---------------------------+-------+-------+-------++-------
  Melee: War axe           |    12 |       |       ||    12
         Whip              |    91 |    19 |       ||   110
         Punch             |     1 |       |     6 ||     7
         Falchion          |       |    98 |   329 ||   427
         Trident           |       |       |    33 ||    33
  Throw: Dart              |       |     4 |     3 ||     7
    Use: Potion            |       |     4 |     1 ||     5
         Scroll            |       |       |    16 ||    16
   Stab: Sleeping          |       |     1 |     1 ||     2
 Armour: Leather armour    |     7 |       |       ||     7
         Ring mail         |    39 |    38 |   208 ||   285
  Dodge: Dodged            |    62 |   102 |   397 ||   561

Table legend: (Time is in decaauts)
 A = Elapsed time spent in this place.
 B = Non-inter-level travel time spent in this place.
 C = Inter-level travel time spent in this place.
 D = Time resting spent in this place.
 E = Time spent auto-exploring this place.
 F = Levels seen in this place.
 G = Mean time per level.
                   A        B        C        D        E       F      G
               +--------+--------+--------+--------+--------+-----+--------+
         Total |   7558 |   7278 |    280 |    897 |   4553 |  10 |  755.8 |
       Dungeon |   7265 |   6985 |    280 |    897 |   4530 |   8 |  908.1 |
        Temple |      1 |      1 |      0 |      0 |      0 |   1 |    1.0 |
       Ossuary |    291 |    291 |      0 |      0 |     23 |   1 |  291.0 |
               +--------+--------+--------+--------+--------+-----+--------+

Top non-repeatable levels by time:
     D:7: 1178 daAuts
     D:6: 1101 daAuts
     D:1: 972 daAuts
     D:5: 910 daAuts
     D:4: 812 daAuts
     D:2: 797 daAuts
     D:3: 755 daAuts
     D:8: 735 daAuts
 Ossuary: 291 daAuts
  Temple: 1 daAuts
